 Dungeon Sprint DCSS version 0.23-a0-296-ga3b1b28 (webtiles) character file.

6 emperorscorpion the Grasshopper (level 1, -3/16 HPs)
             Began as a Vine Stalker Warper on Oct 5, 2018.
             Slain by an iguana (6 damage)
             ... in the Dungeon (Sprint IX: "|||||||||||||||||||||||||||||").
             The game lasted 00:00:33 (47 turns).

emperorscorpion the Grasshopper (Vine Stalker Warper) Turns: 47, Time: 00:00:34

Health: -3/16      AC:  3    Str: 18    XL:     1   Next: 90%
Magic:  0/5        EV: 12    Int: 13    God:
Gold:   0          SH:  0    Dex: 13    Spells: 5/5 levels left

rFire    . . .     SeeInvis .   a - +0 spear
rCold    . . .     Gourm    .   (no shield)
rNeg     . . .     Faith    .   b - +0 leather armour
rPois    .         Spirit   +   (no helmet)
rElec    .         Reflect  .   (no cloak)
rCorr    .         Harm     .   (no gloves)
MR       .....     NoTele   +   (no boots)
Stlth    ..........             (no amulet)
HPRegen  0.05/turn              (no ring)
MPRegen  0.09/turn              (no ring)

@: berserking, very quick
A: fangs 2, magic shield, antimagic bite, no potion heal 3, rot immunity
a: no special abilities


You were in the Dungeon.
You were not hungry.

You visited 1 branch

Inventory:

Hand Weapons
 a - a +0 spear (weapon)
Missiles
 e - 5 tomahawks of dispersal (quivered)
Armour
 b - a +0 leather armour (worn)
Scrolls
 d - 2 scrolls of blinking
Potions
 g - a potion of curing
 h - a potion of heal wounds
 i - a potion of haste
 j - 2 potions of magic
Comestibles
 f - a ration


   Skills:
 + Level 2.2 Fighting
 + Level 2.2 Polearms
 + Level 1.1 Throwing
 + Level 1.1 Armour
 + Level 2.0 Dodging
 + Level 2.8 Spellcasting
   Level 3.0 Translocations


You had 5 spell levels left.
You didn't know any spells.
Your spell library contained the following spells:

 Spells                   Type           Power        Failure   Level  Hunger
 Blink                    Tloc           N/A          12%         2    ###....
 Shroud of Golubria       Chrm/Tloc      #.........   22%         2    ###....
 Gell's Gravitas          Tloc           #.........   24%         3    ###....
 Lesser Beckoning         Tloc           #.........   24%         3    ###....
 Teleport Other           Tloc           #.......     24%         3    ###....
 Passage of Golubria      Tloc           N/A          63%         4    #####..


Dungeon Overview and Level Annotations

Branches:
Dungeon (1/1)

Altars:


Innate Abilities, Weirdness & Mutations

You have extremely sharp teeth.
When hurt, damage is shared between your health and your magic reserves.
Your bite disrupts and absorbs the magic of your enemies.
Potions cannot restore your health.
You are immune to rotting.


Message History

An iguana, 2 adders and 2 zombies come into view.
The adder hisses angrily.
A red film seems to cover your vision as you go berserk!
You feel yourself moving faster!
You feel mighty!
The iguana hisses angrily.
The adder hisses angrily.
You closely miss the iguana. The iguana bites you.
* * * LOW HITPOINT WARNING * * *
You barely miss the iguana. You bite the iguana. You drain its power.
You feel invigorated.
The iguana is moderately wounded.
The iguana completely misses you.
You barely miss the iguana. Your bite misses the iguana.
The iguana is moderately wounded.
You hit the iguana but do no damage.
The iguana is moderately wounded.
The iguana closely misses you.
You barely miss the iguana. You bite the iguana! You drain its power.
The iguana is severely wounded.
The iguana bites you!
You die... ▓▓▓▓▓▓▓▓▓▓▓▓▓▓▓▓▓▓ ▓<..()....@lSZZS.+ ▓▓▓▓▓▓▓▓▓▓▓▓▓▓▓▓▓▓

You could see an iguana, 2 adders, an adder zombie and a quokka zombie.

Vanquished Creatures
  2 giant cockroaches (D)
  3 kobolds (D)
5 creatures vanquished.

Notes
Turn   | Place    | Note
-------+----------+-------------------------------------------
     0 | D        | emperorscorpion the Vine Stalker Warper began the quest for
                  | the Orb.
     0 | D        | Reached XP level 1. HP: 11/11 MP: 4/4
    14 | D        | Reached skill level 1 in Armour
    22 | D        | Reached skill level 1 in Throwing
    41 | D        | Noticed an iguana
    47 | D        | Slain by an iguana

Vault maps used:
D:        linesprint

Skill      XL: |  1 |
---------------+----+-----
Fighting       | 2 |  2.2
Polearms       | 2 |  2.2
Armour         | 1 |  1.1
Throwing       | 1 |  1.1
Dodging        | 2 |  2.0
Spellcasting   | |  2.8
Translocations | |  3.0

Action                   || total
-------------------------++-------
Melee: Spear             ||    36
       Bite              ||    10
  Use: Potion            ||     1
Armor: Leather armour    ||     3
Dodge: Dodged            ||    17

Table legend:
 A = Non-vault XP
 B = Vault XP
 C = Vault XP percentage of total XP
 D = Non-vault monster count
 E = Vault monster count
 F = Vault count percentage of total count
                 A         B        C        D         E       F
            +---------+---------+-------+---------+---------+-------
      Total |       0 |       9 | 100.0 |       0 |       5 | 100.0
            +---------+---------+-------+---------+---------+-------
          D |       0 |       9 | 100.0 |       0 |       5 | 100.0
            +---------+---------+-------+---------+---------+-------
